 Dungeon Crawl Stone Soup version 0.30-a0-339-g89bb51ec76 (webtiles) character file.

Game seed: 10279482015848269946

1170 HoaS the Skirmisher (level 8, -1/44 HPs)
             Began as a Gargoyle Hunter on Oct 31, 2022.
             Slain by a deep troll (glowing shapeshifter) (4 damage)
             ... on level 5 of the Dungeon.
             The game lasted 00:10:39 (3871 turns).

HoaS the Skirmisher (Gargoyle Hunter)               Turns: 3871, Time: 00:10:39

Health: -1/44      AC: 11    Str: 16    XL:     8   Next: 40%
Magic:  8/8        EV: 12    Int:  9    God:
Gold:   285        SH:  0    Dex: 21    Spells: 7/7 levels left

rFire   + . .      SeeInvis .    a - +1 shortbow (chaos)
rCold   . . .      Faith    .    (shield currently unavailable)
rNeg    + . .      Spirit   .    j - +0 leather armour {rF+}
rPois   ∞          Reflect  .    (no helmet)
rElec   +          Harm     .    (no cloak)
rCorr   .          Rampage  .    d - +1 pair of gloves
Will    .....                    i - +0 pair of boots
Stlth   ++........               (no amulet)
HPRegen 0.27/turn                n - +6 ring of dexterity
MPRegen 0.11/turn                (no ring)

@: no status effects
A: sickness immunity, AC +5, negative energy resistance 1, electricity
resistance, torment resistance 1, petrification resistance
a: no special abilities


You were on level 5 of the Dungeon.
You visited 1 branch of the dungeon, and saw 5 of its levels.

You collected 285 gold pieces.

Inventory:

Hand Weapons
 a - a +1 shortbow of chaos (weapon)
Armour
 d - a +1 pair of gloves (worn)
 i - a +0 pair of boots (worn)
 j - a +0 leather armour of fire resistance (worn)
Jewellery
 m - a ring of fire
 n - a +6 ring of dexterity (left hand)
Scrolls
 b - a scroll of immolation
 c - a scroll of identify
Potions
 e - 2 potions of lignification
 f - a potion of might
 g - a potion of flight
 h - a potion of heal wounds
 k - a potion of curing
 l - a potion of attraction


   Skills:
 - Level 2.1 Fighting
 + Level 10.6 Ranged Weapons
 - Level 1.5 Dodging
 - Level 1.1 Stealth


You had 7 spell levels left.
You didn't know any spells.
Your spell library contained the following spells:

 Spells                   Type           Power      Damage    Failure   Level
 Beastly Appendage        Tmut           0%         N/A       45%         1
 Wereblood                Tmut           0%         N/A       58%         2
 Spider Form              Tmut/Pois      0%         N/A       83%         3
 Tukima's Dance           Hex            0%         N/A       83%         3
 Passage of Golubria      Tloc           0%         N/A       99%         4
 Yara's Violent Unravell  Hex/Tmut       0%         3d3       100%        5


Dungeon Overview and Level Annotations

Branches:
Dungeon (5/15)
 Temple: D:4-7

Altars:
Cheibriados
Trog
Vehumet
Xom

Annotations:
D:5 Prince Ribbit


Innate Abilities, Weirdness & Mutations

You are immune to sickness and miasma.
Your stone body is resilient. (AC +5)
You are immune to poison.
You resist negative energy. (rN+)
You are resistant to electric shocks. (rElec)
You are resistant to unholy torment.
You are immune to petrification.


Message History

The arrow freezes the orc priest.
You kill the orc priest!
No target in view!
No target in view!
No target in view!
An ice beast comes into view.
An ice beast is nearby!
You shoot an arrow.
The arrow hits the ice beast but does no damage.
Lightning courses through the ice beast!
The ice beast is heavily wounded.
The ice beast misses you.
You shoot an arrow. The arrow hits the ice beast.
The ice beast flickers and vanishes!
Deactivating autopickup; reactivate with Ctrl-A.
Something hits you. Something freezes you!
No target in view!
No target in view!
No target in view!
No target in view!
You shoot an arrow.
A glowing shapeshifter appears out of thin air!
Reactivating autopickup.
The glowing shapeshifter changes into a deep troll!
You shoot an arrow. The arrow hits the deep troll!
The deep troll easily resists.
The deep troll is moderately wounded.
You shoot an arrow. The arrow hits the deep troll.
The arrow burns the deep troll.
The deep troll is moderately wounded.
The deep troll bites you!! The deep troll misses you. The deep troll claws you!
* * * LOW HITPOINT WARNING * * *
You are too injured to fight recklessly!
You are too injured to fight recklessly!
You are too injured to fight recklessly!
You are too injured to fight recklessly!
You are too injured to fight recklessly!
Okay, then.
The deep troll bites you.
You die...

.....o.o.........##...#
.........#.............
##.########..........##.
...######.......#......
#...........).......#..
#.#......####.....#####
#......)...............
#.....>.##....##.#####
#....@<....(..#..#
#...T.........#.####
#....##...........F....
.........#.....?.........#
####.#?...................
#.#.....#..###.#.###... #
#...####.............
#.... #.......##... #...#
... .....


You could see a deep troll shaped shifter.

Vanquished Creatures
  An ice beast (D:5)
  A black bear (D:4)
  An ogre (D:3)
  A scorpion (D:5)
  A howler monkey (D:3)
  2 hounds
  A jelly (D:4)
  4 orc priests
  A gnoll bouda (D:4)
  An iguana (D:4)
  Natasha (thrice) (D:2)
  3 orc wizards
  5 adders
  19 gnolls
  A worm (D:4)
  2 dart slugs
  41 orcs
  3 bats
  3 endoplasms
  2 giant cockroaches (D:4)
  2 goblins
  9 hobgoblins
  19 jackals
  4 kobolds
  3 ball pythons (D:1)
  4 frilled lizards
  4 rats
141 creatures vanquished.

Vanquished Creatures (others)
  11 plants (D:3)
11 creatures vanquished.

Grand Total: 152 creatures vanquished

Notes
Turn   | Place    | Note
-------+----------+-------------------------------------------
     0 | D:1      | HoaS the Gargoyle Hunter began the quest for the Orb.
     0 | D:1      | Reached XP level 1. HP: 12/12 MP: 1/1
    60 | D:1      | You fall into a shaft and drop 1 floor!
    89 | D:2      | Reached XP level 2. HP: 17/17 MP: 2/2
   269 | D:1      | Reached XP level 3. HP: 21/21 MP: 3/3
   434 | D:1      | Reached skill level 5 in Ranged Weapons
   848 | D:2      | Noticed Natasha
   857 | D:2      | Killed Natasha
   858 | D:2      | Reached XP level 4. HP: 19/26 MP: 4/4
  1018 | D:2      | Noticed Natasha
  1030 | D:2      | Killed Natasha
  1172 | D:2      | Noticed Natasha
  1180 | D:2      | Killed Natasha
  1181 | D:2      | Reached skill level 6 in Ranged Weapons
  1181 | D:2      | Reached XP level 5. HP: 25/30 MP: 5/5
  1650 | D:3      | Found a faded altar of an unknown god.
  1790 | D:3      | Reached skill level 7 in Ranged Weapons
  1798 | D:3      | Reached XP level 6. HP: 16/35 MP: 6/6
  2177 | D:3      | Reached skill level 8 in Ranged Weapons
  2204 | D:3      | Reached XP level 7. HP: 35/40 MP: 7/7
  2685 | D:4      | Found a radiant altar of Vehumet.
  2800 | D:4      | Reached skill level 9 in Ranged Weapons
  3157 | D:4      | Found a bloodstained altar of Trog.
  3219 | D:4      | Found a shimmering altar of Xom.
  3220 | D:4      | Found a snail-covered altar of Cheibriados.
  3238 | D:5      | Entered Level 5 of the Dungeon
  3422 | D:4      | Reached XP level 8. HP: 23/44 MP: 8/8
  3608 | D:5      | Noticed Prince Ribbit
  3669 | D:5      | Reached skill level 10 in Ranged Weapons
  3867 | D:5      | Noticed a glowing shapeshifter
  3867 | D:5      | a glowing shapeshifter changed into a deep troll
  3867 | D:5      | Noticed a deep troll (glowing shapeshifter)
  3871 | D:5      | Slain by a deep troll (glowing shapeshifter)

Illustrated notes

Levels and vault maps discovered:
D:1:      dpeg_arrival_oval, layout_loops_ring
D:2:      layout_loops_ring, uniq_natasha
D:3:      lemuel_castle_with_subvaults [lemuel_castle_interior_original],
          layout_rooms, hellmonk_ecumenical_altar_heavens_door,
          nicolae_grassy_gnolls
D:4:      layout_rooms, mainiacjoe_overflow_big_doors,
          gammafunk_temple_overflow_statue
D:5:      layout_rooms, uniq_prince_ribbit1

Skill      XL: |  1  2  3  4  5  6  7  8 |
---------------+-------------------------+-----
Ranged Weapons | 5 6 7 8 9 10 | 10.6
Fighting       | |  2.1
Dodging        | |  1.5
Stealth        | |  1.1

Action                   |  1- 3 |  4- 6 |  7- 9 || total
-------------------------+-------+-------+-------++-------
 Fire: Shortbow          |    63 |   151 |   236 ||   450
  Use: Scroll            |     4 |     9 |     3 ||    16
       Potion            |       |     2 |     2 ||     4
Armor: Leather armour    |    19 |    60 |    86 ||   165
Dodge: Dodged            |    15 |    68 |   135 ||   218

Table legend: (Time is in decaauts)
 A = Elapsed time spent in this place.
 B = Non-inter-level travel time spent in this place.
 C = Inter-level travel time spent in this place.
 D = Time resting spent in this place.
 E = Time spent auto-exploring this place.
 F = Levels seen in this place.
 G = Mean time per level.
                   A        B        C        D        E       F      G
               +--------+--------+--------+--------+--------+-----+--------+
         Total |   3940 |   3848 |     92 |    622 |   2283 |   5 |  788.0 |
       Dungeon |   3940 |   3848 |     92 |    622 |   2283 |   5 |  788.0 |
               +--------+--------+--------+--------+--------+-----+--------+

Top non-repeatable levels by time:
     D:3: 1321 daAuts
     D:4: 944 daAuts
     D:2: 711 daAuts
     D:1: 690 daAuts
     D:5: 273 daAuts
